 Dungeon Crawl Stone Soup version 0.32-a0-779-g362cfcae2a (webtiles) character file.

Game seed: 17142113955066364366

1879 hikkokomori the Skirmisher (level 8, -6/51 HPs)
             Began as a Deep Elf Hexslinger on Mar 19, 2024.
             Killed by an exploding gnoll (27 damage)
             ... ignited by their inner flame
             ... on level 5 of the Dungeon.
             The game lasted 00:10:14 (3398 turns).

hikkokomori the Skirmisher (Deep Elf Hexslinger)    Turns: 3398, Time: 00:10:15

Health: -6/51      AC:  3    Str:  5    XL:     8   Next: 91%
Magic:  17/23      EV: 16    Int: 19    God:
Gold:   208        SH:  0    Dex: 19    Spells: 4/25 levels left

rFire   . . .        h - +2 sling (drain)
rCold   . . .        (no shield)
rNeg    . . .        c - +0 robe
rPois   .            i - +0 helmet
rElec   .            (no cloak)
rCorr   .            (no gloves)
SInv    .            (no boots)
Will    .....        (no amulet)
Stlth   ++           (no ring)
HPRegen 0.28/turn    (no ring)
MPRegen 0.18/turn

%: no passive effects
@: lethally poisoned (-6 -> -16), weak-willed, attractive
A: no striking features
a: Convert to Beogh


You were on level 5 of the Dungeon.
You visited 1 branch of the dungeon, and saw 5 of its levels.

You collected 208 gold pieces.

Inventory:

Hand Weapons
 a - a +1 sling
 h - a +2 sling of draining (weapon)
Armour
 c - a +0 robe (worn)
 i - a +0 helmet (worn)
Jewellery
 f - a ring of ice
Scrolls
 b - 3 scrolls of poison
 d - 4 scrolls of teleportation {unknown}
 e - 4 scrolls of amnesia
 g - a scroll of noise {unknown}
 k - a scroll of enchant armour
 l - a scroll of fog
 s - a scroll of fear {unknown}
Potions
 j - a potion of attraction
 n - 2 potions of brilliance
 o - a potion of berserk rage {unknown}
 p - a potion of heal wounds {unknown}
 q - a potion of resistance {unknown}


   Skills:
 - Level 6.0 Fighting
 + Level 9.8 Ranged Weapons
 - Level 7.5 Dodging
 - Level 2.0 Stealth
 + Level 9.2 Spellcasting
 + Level 5.7 Hexes
 + Level 0.3 Necromancy
 + Level 3.1 Translocations
 - Level 3.0 Fire Magic


You had 4 spell levels left.
You knew the following spells:

 Your Spells              Type           Power      Damage    Failure   Level
a - Jinxbite              Hex            60%        N/A       1%          2
b - Sigil of Binding      Hex            30%        N/A       2%          3
c - Inner Flame           Hex/Fire       25%        N/A       4%          3
d - Cause Fear            Hex            15%        N/A       8%          4
e - Dimensional Bullseye  Hex/Tloc       12%        N/A       13%         4
f - Blink                 Tloc           40%        N/A       3%          2
g - Vampiric Draining     Necr           10%        2d6       21%         3

Your spell library contained the following spells:

 Spells                   Type           Power      Damage    Failure   Level
 Slow                     Hex            100%       N/A       1%          1
 Confusing Touch          Hex            30%        N/A       2%          3
 Lesser Beckoning         Tloc           40%        N/A       3%          2
 Foxfire                  Conj/Fire      56%        2x1d6     4%          1
 Momentum Strike          Conj/Tloc      28%        3d8       6%          2
 Irradiate                Conj/Alch      4%         3d13      92%         5
 Plasma Beam              Fire/Air       7%         2x1d17    100%        6
 Starburst                Conj/Fire      7%         6d4       100%        6
 Ignition                 Fire           10%        3d5       100%        8


Dungeon Overview and Level Annotations

Branches:
Dungeon (5/15)
 Temple: D:4-7

Altars:
Cheibriados
Trog

Shops:
D:4 *   D:5 :


Message History

An orc priest and 2 orcs come into view.
Found a slimy chain mail.
Okay, then.
Okay, then.
The orc priest hits you with a +0 club. The orc closely misses you.
The gnoll barely misses you. The gnoll misses you.
The gnoll hits you but does no damage. The gnoll misses you.
The phantom barely misses you.
You feel attractive to monsters.
The gnoll hits you from afar with a +2 spear of venom.
You are poisoned.
The orc priest looks encouraged for a moment.
The orc hits you with a +0 club. The gnoll hits you with a +0 club.
The gnoll hits you from afar with a +0 spear.
The gnoll closely misses you. The gnoll misses you.
The phantom hits you but does no damage.
The gnoll is attracted toward you. The orc is attracted toward you.
The orc priest shouts, "Surrender to Beogh and we'll let you live!" (press Y on the ability menu to convert to Beogh) Unknown command.
Unknown command.
Unknown command.
Okay, then.
You feel better.
The orc seems less drained.
The orc priest closely misses you. The orc hits you but does no damage.
The gnoll barely misses you. x2
The gnoll is engulfed in blazing flames.
The gnoll hits you with a +2 spear of venom!
You are poisoned.
The gnoll closely misses you. The gnoll hits you with a +0 halberd!
The phantom hits you.
Okay, then.
As you read the scroll labelled LOGADINIMP, it crumbles to dust.
The creatures around you are filled with an inner flame!
It was a scroll of immolation.
You feel very sick.
The gnoll is engulfed in blazing flames.
The gnoll explodes!
The fiery explosion engulfs the orc!!!
The fiery explosion engulfs you!!
Ouch! That really hurt!
You die...

...# ...# ...#
####...# #
########>...[.#.#
......#..ogg....#
.......☼☼§go....#.
.....§§§@go.....
.....☼°oWg....#.
##########)†#####...#
#......####§####..[...
#...................#.
#......####...##.#. #
#......# #.#...>.
#......# #.######
#......# #..


You could see a phantom (inner flame), an orc priest (inner flame), 5 gnolls and
3 orcs.

Vanquished Creatures
  Pikel (D:4)
  Grinder (D:3)
  Duvessa (D:4)
  An ogre (D:3)
  2 lemures (D:4)
  3 scorpions
  Dowan (D:4)
  A bombardier beetle (D:3)
  6 hounds
  An orc priest (D:4)
  Natasha (thrice) (D:2)
  2 iguanas
  2 orc wizards (D:3)
  Robin (D:2)
  7 adders
  7 gnolls
  2 dart slugs
  3 ribbon worms
  10 orcs
  9 ball pythons
  5 endoplasms
  3 giant cockroaches
  12 goblins
  8 hobgoblins
  5 jackals
  3 kobolds
  A quokka (D:4)
  8 bats
  5 frilled lizards
  2 rats (D:1)
116 creatures vanquished.

Notes
Turn   | Place    | Note
-------+----------+-------------------------------------------
     0 | D:1      | hikkokomori the Deep Elf Hexslinger began the quest for the
                  | Orb.
     0 | D:1      | Reached XP level 1. HP: 11/11 MP: 5/5
   157 | D:1      | Reached skill level 1 in Fighting
   182 | D:1      | Reached XP level 2. HP: 11/16 MP: 6/6
   186 | D:1      | Reached skill level 1 in Stealth
   705 | D:2      | Noticed Natasha
   710 | D:2      | Killed Natasha
   711 | D:2      | Reached XP level 3. HP: 20/20 MP: 8/8
   826 | D:2      | Learned a level 2 spell: Jinxbite
   830 | D:2      | Learned a level 3 spell: Sigil of Binding
   830 | D:2      | Noticed Robin
   841 | D:2      | Killed Robin
   842 | D:2      | Reached XP level 4. HP: 17/25 MP: 4/10
  1046 | D:2      | Noticed Natasha
  1056 | D:2      | Killed Natasha
  1263 | D:2      | Noticed Natasha
  1268 | D:2      | Killed Natasha
  1269 | D:2      | Reached XP level 5. HP: 27/30 MP: 11/11
  1643 | D:2      | Reached skill level 5 in Fighting
  1643 | D:2      | Reached XP level 6. HP: 40/40 MP: 12/19
  1648 | D:2      | Learned a level 3 spell: Inner Flame
  1653 | D:2      | Learned a level 4 spell: Cause Fear
  1658 | D:2      | Learned a level 4 spell: Dimensional Bullseye
  1897 | D:3      | Found a snail-covered altar of Cheibriados.
  2022 | D:3      | Noticed Grinder
  2024 | D:3      | Paralysed by Grinder for 4 turns
  2035 | D:3      | Killed Grinder
  2036 | D:3      | Reached skill level 1 in Translocations
  2036 | D:3      | Reached XP level 7. HP: 44/44 MP: 18/21
  2453 | D:4      | Found Arras's Assorted Antiques.
  2610 | D:4      | Noticed Pikel
  2618 | D:4      | Killed Pikel
  2619 | D:4      | Reached skill level 5 in Hexes
  2619 | D:4      | Reached XP level 8. HP: 16/51 MP: 15/23
  2732 | D:4      | Noticed Duvessa
  2738 | D:4      | Noticed Dowan
  2740 | D:4      | Killed Duvessa
  2744 | D:4      | Killed Dowan
  3066 | D:4      | Found a bloodstained altar of Trog.
  3258 | D:5      | Entered Level 5 of the Dungeon
  3302 | D:5      | Found Ucaph's Tremendous Tomes.
  3314 | D:5      | Learned a level 2 spell: Blink
  3318 | D:5      | Learned a level 3 spell: Vampiric Draining
  3398 | D:5      | Killed by an exploding gnoll... ignited by their inner
                  | flame

Illustrated notes

Levels and vault maps discovered:
D:1:      dpeg_arrival_radiant, layout_basic
D:2:      layout_basic, uniq_natasha, uniq_robin
D:3:      layout_basic, marbit_many_paths, minmay_divided_ellipse, uniq_grinder
D:4:      layout_loops_cross, mainiacjoe_overflow_brackets, serial_shops,
          nicolae_shop_dealshenge, abandoned_shop, uniq_pikel, uniq_duvessa
D:5:      layout_basic, nicolae_shop_i_like_big_books, uniq_sigmund

Skill      XL: |  1  2  3  4  5  6  7  8 |
---------------+-------------------------+-----
Fighting       | 1 2 5 6 |  6.0
Ranged Weapons | 3 4 8 9 |  9.8
Stealth        | 1 2 |  2.0
Spellcasting   | 2 3 8 9 |  9.2
Fire Magic     | 2 3 |  3.0
Dodging        | 7 |  7.5
Translocations | 1 2 3 |  3.1
Hexes          | 5 |  5.7
Necromancy     | |  0.3

Action                     |  1- 3 |  4- 6 |  7- 9 || total
---------------------------+-------+-------+-------++-------
   Fire: Sling             |    76 |   110 |   136 ||   322
   Cast: Jinxbite          |     1 |     1 |     3 ||     5
         Sigil of Binding  |     1 |       |     2 ||     3
         Inner Flame       |       |     1 |     6 ||     7
    Use: Scroll            |       |     4 |     4 ||     8
         Potion            |       |     1 |     2 ||     3
 Armour: Robe              |    24 |    21 |    29 ||    74
  Dodge: Dodged            |    23 |    18 |    35 ||    76

Table legend: (Time is in decaauts)
 A = Elapsed time spent in this place.
 B = Non-inter-level travel time spent in this place.
 C = Inter-level travel time spent in this place.
 D = Time resting spent in this place.
 E = Time spent auto-exploring this place.
 F = Levels seen in this place.
 G = Mean time per level.
                   A        B        C        D        E       F      G
               +--------+--------+--------+--------+--------+-----+--------+
         Total |   3415 |   3352 |     63 |    149 |   2576 |   5 |  683.0 |
       Dungeon |   3415 |   3352 |     63 |    149 |   2576 |   5 |  683.0 |
               +--------+--------+--------+--------+--------+-----+--------+

Top non-repeatable levels by time:
     D:2: 1039 daAuts
     D:4: 871 daAuts
     D:3: 683 daAuts
     D:1: 682 daAuts
     D:5: 138 daAuts
